 Dungeon Crawl Stone Soup version 0.28.0-43-g3370ac3207 (webtiles) character file.

Game seed: 14853028767255868279

23158 protoss039 the Eclecticist (level 12, -8/70 HPs)
             Began as a Deep Elf Earth Elementalist on Mar 17, 2022.
             Was a Priest of Sif Muna.
             Killed from afar by an efreet (30 damage)
             ... with a bolt of fire
             ... on level 12 of the Dungeon.
             The game lasted 00:44:58 (20418 turns).

protoss039 the Eclecticist (DEEE)                  Turns: 20418, Time: 00:44:59

Health: -8/70      AC:  9    Str:  5    XL:     12   Next: 69%
Magic:  19/42      EV: 12    Int: 26    God:    Sif Muna [***...]
Gold:   1829       SH:  6    Dex: 15    Spells: 19/42 levels left

rFire   . . .      SeeInvis .   p - staff of conjuration
rCold   . . .      Faith    .   l - +1 buckler {AC+3}
rNeg    . . .      Spirit   .   G - +2 robe {Will+}
rPois   .          Reflect  .   (no helmet)
rElec   .          Harm     .   r - +0 cloak
rCorr   .          Rampage  .   M - +0 pair of gloves
Will    ++...                   (no boots)
Stlth   ++........              (no amulet)
HPRegen 0.21/turn               D - ring of magical power
MPRegen 0.28/turn               (no ring)

@: about to teleport, marked
A: no striking features
a: Renounce Religion, Channel Magic, Forget Spell


You were on level 12 of the Dungeon.
You worshipped Sif Muna.
Sif Muna was most pleased with you.
You visited 2 branches of the dungeon, and saw 13 of its levels.
You also visited: Ossuary and Bailey.

You collected 1829 gold pieces.

Inventory:

Hand Weapons
 F - a +4 scimitar of flaming
 N - the +5 war axe of the Yoke {drain, Drain Will+ rCorr Str+5}
   (You found it on level 11 of the Dungeon)

   A truly terrible weapon, it drains the life of any living foe it strikes.
   Str:       It affects your strength (+5).
   rCorr:     It protects you from acid and corrosion.
   Drain:     It drains your maximum health when unequipped.
   Will:      It increases your willpower.
Missiles
 a - 5 throwing nets
 c - 164 stones
Armour
 l - a +1 buckler of protection (worn)
 r - a +0 cloak (worn)
 G - a +2 robe of willpower (worn)
 I - a +2 robe of the Archmagi
 M - a +0 pair of gloves (worn)
Magical Staves
 p - a staff of conjuration (weapon)
 J - a staff of cold
Jewellery
 D - a ring of magical power (left hand)
 P - a +6 ring of dexterity
Wands
 b - a wand of charming (9)
 i - a wand of digging (5)
 C - a wand of acid (7)
 E - a wand of iceblast (13)
 O - a wand of flame (6)
Scrolls
 f - 3 scrolls of blinking {unknown}
 g - 2 scrolls of identify
 m - a scroll of holy word {unknown}
 o - 5 scrolls of fog
 s - a scroll of amnesia {unknown}
 u - a scroll of noise {unknown}
 y - 5 scrolls of teleportation
 z - 3 scrolls of magic mapping
 A - a scroll of brand weapon {unknown}
 B - 2 scrolls of fear {unknown}
 H - a scroll of enchant weapon {unknown}
 K - a scroll of enchant armour {unknown}
Potions
 d - 2 potions of heal wounds
 e - 4 potions of might
 h - 2 potions of mutation
 j - a potion of curing
 k - 2 potions of haste
 n - 2 potions of degeneration {unknown}
 q - 2 potions of brilliance
 t - a potion of invisibility {unknown}
 v - 3 potions of resistance
 w - 3 potions of lignification {unknown}
 x - 2 potions of cancellation {unknown}
 L - 2 potions of flight {unknown}


   Skills:
 * Level 6.1 Fighting
 - Level 3.0 Dodging
 - Level 3.0 Stealth
 - Level 5.0 Shields
 + Level 15.9 Spellcasting
 + Level 6.9 Conjurations
 - Level 3.0 Translocations
 * Level 5.6 Transmutations
 - Level 3.0 Ice Magic
 * Level 4.4 Air Magic
 - Level 9.0 Earth Magic
 - Level 6.0 Poison Magic
 * Level 5.7 Invocations


You had 19 spell levels left.
You knew the following spells:

 Your Spells              Type           Power      Damage    Failure   Level
a - Sandblast             Erth           100%       2d20      1%          1
b - Passwall              Tmut/Erth      46%        N/A       1%          2
c - Stone Arrow           Conj/Erth      100%       3d13      1%          3
d - Petrify               Tmut/Erth      56%        N/A       1%          4
e - Apportation           Tloc           72%        N/A       1%          1
f - Olgreb's Toxic Radia  Pois           51%        N/A       2%          4
g - Mephitic Cloud        Conj/Pois/Air  66%        N/A       1%          3
h - Freezing Cloud        Conj/Ice/Air   31%        6-21      12%         5

Your spell library contained the following spells:

 Spells                   Type           Power      Damage    Failure   Level
 Sting                    Tmut/Pois      100%       1d8       1%          1
 Poisonous Vapours        Pois/Air       94%        N/A       1%          2
 Ignite Poison            Fire/Tmut/Pois 40%        N/A       1%          3
 Frozen Ramparts          Ice            72%        1d9       2%          3
 Gell's Gravitas          Tloc           36%        N/A       2%          3
 Teleport Other           Tloc           36%        N/A       2%          3
 Ice Form                 Ice/Tmut       43%        N/A       5%          4
 Alistair's Intoxication  Tmut/Pois      33%        N/A       9%          5
 Summon Ice Beast         Ice/Summ       28%        N/A       17%         4
 Dispersal                Tloc           18%        N/A       82%         6


Dungeon Overview and Level Annotations

Branches:
Dungeon (12/15)            Temple (1/1) D:4            Lair (0/6) D:11
    Orc (0/2) D:12        Ossuary (visited)          Bailey (visited)

Altars:
Ashenzari
Cheibriados
Dithmenos
Elyvilon
Fedhas
Gozag
Hepliaklqana
Kikubaaqudgha
Makhleb
Nemelex Xobeh
Okawaru
Qazlal
Ru
Sif Muna
Trog
Uskayaw
Vehumet
Wu Jian
Xom
Yredelemnul
Zin
The Shining One

Annotations:
D:4 1 exclusion
D:7 1 runed translucent door
D:10 1 exclusion


Message History

Aiming: Stone Arrow (safe; 1% risk of failure)
Press: ? - help, Shift-Dir - straight line, f/p - two-headed ogre
Aim: a two-headed ogre, wielding a +0 giant spiked club and a +0 dire flail (almost dead, petrified, 100% to hit)
You feel a surge of power!
The stone arrow hits the two-headed ogre!
The two-headed ogre is almost dead.
Unknown command.
Unknown command.
Unknown command.
Unknown command.
There is an open door here.
The two-headed ogre is no longer petrified.
Unknown command.
Press: ? - help, v - describe, . - travel
Here: an efreet, wielding a +3 scimitar of flaming The floor.
As you read the scroll of teleportation, it crumbles to dust.
You feel strangely unstable.
Unknown command.
Unknown command.
Unknown command.
Casting: Stone Arrow (safe; 1% risk of failure)
Confirm with . or Enter, or press ? or * to list all spells.
Aiming: Stone Arrow (safe; 1% risk of failure)
Press: ? - help, Shift-Dir - straight line, f/p - two-headed ogre
Aim: a two-headed ogre, wielding a +0 giant spiked club and a +0 dire flail (almost dead, 89% to hit)
You feel a surge of power!
The stone arrow hits the two-headed ogre!
You kill the two-headed ogre!
Sif Muna accepts your kill. The efreet gestures at you.
The fireball explodes!
The fireball engulfs you!
* * * LOW HITPOINT WARNING * * *
Unknown command.
Unknown command.
Okay, then.
Okay, then.
The efreet gestures at you. The bolt of fire hits you!!
You die...

........... ###.... >....O....#
#.... #.#### ##### #####. #.○R.#
...# #..... ####.# ###'#####
###.#### #####.## #......(###
#....... #......#
#...[...'.###....... #......#
####.......#..##.......
#.....O###..'..@....##..........
#.....○#○R)##.......#####.......
#........####.......# #.......
#......### ######### #.......
######## ########


You could see an efreet.

Vanquished Creatures
  Harold (D:7)
  2 boulder beetles
  A hydra (D:11)
  3 two-headed ogres
  Erica (D:8)
  A death knight (D:10)
  Urug (D:11)
  Pikel (D:6)
  An orc knight (Bailey)
  2 ugly things
  3 cyclopes
  Joseph (D:7)
  A komodo dragon (D:10)
  2 gargoyles
  An unseen horror (D:11)
  A freezing wraith (D:10)
  A troll (D:10)
  A polar bear (D:10)
  5 slime creatures (D:12)
  Prince Ribbit (D:6)
  3 centaur simulacra (D:10)
  5 shadows
  2 wyverns
  14 yaks
  Sigmund (D:6)
  3 vampires (D:10)
  2 wraiths
  2 vampire mosquitoes (D:11)
  Edmund (D:6)
  A water moccasin (D:7)
  11 orc warriors
  6 ice beasts
  A sky beast (D:7)
  A black bear (D:6)
  2 necrophages
  5 centaurs
  An ogre (D:5)
  2 phantoms
  8 kobold brigands
  Blork the orc (D:4)
  4 bullfrogs
  A scorpion (D:6)
  3 gnoll sergeants
  A water moccasin skeleton (D:6)
  7 killer bees (D:10)
  15 wights
  4 howler monkeys
  4 human zombies (Ossuary)
  4 orc priests
  A bullfrog zombie (D:5)
  3 bullfrog skeletons (D:6)
  4 centaur zombies
  A gnoll shaman (D:7)
  A hound (D:6)
  2 centaur skeletons (D:7)
  2 iguanas
  10 orc wizards
  A scorpion zombie (D:5)
  A killer bee zombie (D:7)
  2 hound zombies (Ossuary)
  4 mummies
  19 gnolls
  An adder (D:3)
  A shadow imp (D:7)
  4 white imps (D:10)
  A howler monkey simulacrum (D:10)
  An ufetubus (D:10)
  4 adder zombies (Ossuary)
  3 dart slugs
  46 orcs
  12 endoplasms
  3 giant cockroaches
  A gnoll zombie (Ossuary)
  10 goblins
  7 hobgoblins
  11 jackals
  28 kobolds
  6 quokkas
  7 ball pythons
  6 bats
  A frilled lizard (D:1)
  A goblin skeleton (D:7)
  4 goblin zombies (Ossuary)
  2 hobgoblin zombies (Ossuary)
  5 jackal zombies (Ossuary)
  3 orc zombies (Ossuary)
  6 quokka zombies (Ossuary)
  7 rats
  A rat zombie (Ossuary)
  A spectral goblin (D:2)
380 creatures vanquished.

Notes
Turn   | Place    | Note
-------+----------+-------------------------------------------
     0 | D:1      | protoss039 the Deep Elf Earth Elementalist began the quest
                  | for the Orb.
     0 | D:1      | Reached XP level 1. HP: 10/10 MP: 6/6
   169 | D:1      | Reached XP level 2. HP: 13/15 MP: 8/8
  1124 | D:1      | Reached XP level 3. HP: 6/19 MP: 4/9
  1431 | D:1      | Learned a level 2 spell: Passwall
  1435 | D:1      | Learned a level 3 spell: Stone Arrow
  2424 | D:2      | Reached skill level 4 in Spellcasting
  2473 | D:2      | Reached XP level 4. HP: 16/24 MP: 12/12
  2660 | D:2      | Found a faded altar of an unknown god.
  3168 | D:2      | Learned a level 4 spell: Petrify
  3196 | D:3      | Reached skill level 5 in Spellcasting
  3196 | D:3      | Reached skill level 5 in Earth Magic
  3196 | D:3      | Reached XP level 5. HP: 28/28 MP: 8/14
  3350 | D:3      | Reached XP level 6. HP: 33/33 MP: 12/16
  3559 | D:3      | Reached skill level 6 in Spellcasting
  3805 | D:3      | Reached skill level 1 in Shields
  3893 | D:3      | Found a broken altar of Ashenzari.
  4366 | D:3      | Found a stormy altar of Qazlal.
  4432 | D:4      | Found a staircase to the Ecumenical Temple.
  4441 | Temple   | Entered the Ecumenical Temple
  4560 | D:4      | Reached XP level 7. HP: 37/37 MP: 12/19
  4851 | D:4      | Noticed Blork the orc
  4859 | D:4      | Killed Blork the orc
  4860 | D:4      | Reached skill level 7 in Spellcasting
  5098 | D:4      | Found an ornate altar of the Wu Jian Council.
  5517 | D:4      | Learned a level 1 spell: Apportation
  5519 | D:5      | Entered Level 5 of the Dungeon
  5938 | D:5      | Found a bloodstained altar of Trog.
  5959 | D:5      | Found a sand-covered staircase.
  5968 | Ossuary  | Entered an ossuary
  6506 | Ossuary  | Reached skill level 1 in Conjurations
  6631 | Ossuary  | Reached skill level 1 in Fighting
  6903 | Ossuary  | Reached skill level 8 in Spellcasting
  7148 | Ossuary  | Reached XP level 8. HP: 43/43 MP: 12/22
  8102 | D:5      | Learned a level 4 spell: Olgreb's Toxic Radiance
  8262 | D:6      | Reached skill level 1 in Translocations
  8262 | D:6      | Reached skill level 1 in Poison Magic
  8459 | D:6      | Noticed Pikel
  8460 | D:6      | Reached skill level 9 in Spellcasting
  8469 | D:6      | Killed Pikel
  8470 | D:6      | Reached XP level 9. HP: 49/49 MP: 4/24
  8711 | D:6      | Noticed Sigmund
  8713 | D:6      | Noticed Edmund
  8719 | D:6      | Killed Sigmund
  8722 | D:6      | Killed Edmund
  8796 | D:6      | Noticed Prince Ribbit
  8803 | D:6      | Killed Prince Ribbit
  9493 | D:6      | Reached skill level 10 in Spellcasting
  9920 | D:7      | Found a runed translucent door.
  9940 | D:7      | Found a basalt altar of Yredelemnul.
 10415 | D:7      | Found a glowing golden altar of the Shining One.
 10457 | D:7      | Noticed Joseph
 10850 | D:7      | Reached XP level 10. HP: 56/56 MP: 22/26
 11161 | D:7      | Noticed Harold
 11555 | D:7      | Killed Joseph
 11556 | D:7      | Reached skill level 11 in Spellcasting
 11778 | D:7      | Killed Harold
 11889 | D:7      | Learned a level 3 spell: Mephitic Cloud
 11998 | D:8      | Found a shimmering blue altar of Sif Muna.
 12018 | D:8      | Became a worshipper of Sif Muna the Loreminder
 12421 | D:8      | Found a hide-covered altar of Uskayaw.
 12431 | D:8      | Reached skill level 5 in Poison Magic
 12699 | D:8      | Reached skill level 1 in Air Magic
 12755 | D:8      | Reached skill level 1 in Invocations
 13090 | D:8      | Noticed Erica
 13095 | D:8      | Killed Erica
 13228 | D:8      | Found an opulent altar of Gozag.
 13666 | D:9      | Reached skill level 12 in Spellcasting
 14039 | D:9      | Noticed a two-headed ogre
 14043 | D:9      | Killed a two-headed ogre
 14044 | D:9      | Reached skill level 5 in Conjurations
 14044 | D:9      | Reached XP level 11. HP: 61/62 MP: 28/29
 14111 | D:9      | Found a shimmering altar of Xom.
 14111 | D:9      | Found a shimmering altar of Xom.
 14112 | D:9      | Found a shimmering altar of Xom.
 14112 | D:9      | Found a shimmering altar of Xom.
 14122 | D:9      | Reached * piety under Sif Muna
 14193 | D:9      | Found a shimmering altar of Xom.
 14193 | D:9      | Found a shimmering altar of Xom.
 14194 | D:9      | Found a shimmering altar of Xom.
 14194 | D:9      | Found a shimmering altar of Xom.
 14561 | D:10     | Entered Level 10 of the Dungeon
 14561 | D:10     | Found a hazy altar of Hepliaklqana.
 14612 | D:10     | Reached skill level 5 in Shields
 14797 | D:10     | Noticed a death knight
 14797 | D:10     | Noticed a cyan ugly thing
 14873 | D:10     | Found a flagged portal.
 14937 | Bailey   | Entered a bailey
 15202 | Bailey   | Found a burning altar of Makhleb.
 15202 | Bailey   | Noticed an orc knight
 15224 | Bailey   | Killed an orc knight
 15465 | D:10     | Reached skill level 13 in Spellcasting
 15469 | D:10     | Reached ** piety under Sif Muna
 15689 | D:10     | Killed a cyan ugly thing
 15986 | D:10     | Reached skill level 1 in Ice Magic
 16042 | D:10     | Reached skill level 5 in Fighting
 16565 | D:10     | Killed a death knight
 16876 | D:10     | Found a white marble altar of Elyvilon.
 16896 | D:10     | Reached skill level 14 in Spellcasting
 17696 | D:10     | Learned a level 5 spell: Freezing Cloud
 17845 | D:10     | Reached XP level 12. HP: 62/68 MP: 23/32
 17935 | D:11     | Found a staircase to the Lair.
 17947 | D:11     | Noticed a two-headed ogre
 17955 | D:11     | Killed a two-headed ogre
 18067 | D:11     | Noticed a boulder beetle
 18158 | D:11     | Identified the +5 war axe of the Yoke {drain, Drain Will+
                  | rCorr Str+5}
 18202 | D:11     | Noticed a six-headed hydra
 18377 | D:11     | Noticed Urug
 18385 | D:11     | Killed Urug
 18869 | D:11     | Killed a six-headed hydra
 18986 | D:11     | Killed a boulder beetle
 18987 | D:11     | Reached skill level 15 in Spellcasting
 18987 | D:11     | Reached skill level 5 in Invocations
 19122 | D:12     | Reached *** piety under Sif Muna
 19123 | D:12     | Reached skill level 5 in Transmutations
 19164 | D:12     | Noticed a boulder beetle
 19424 | D:12     | Found a staircase to the Orcish Mines.
 19986 | D:12     | Killed a boulder beetle
 20391 | D:12     | Noticed a two-headed ogre
 20417 | D:12     | Killed a two-headed ogre
 20418 | D:12     | Killed from afar by an efreet

Illustrated notes

Levels and vault maps discovered:
D:1:      wheals_arrival_linesprint, layout_rooms, corexii_hall_statues_deadend,
          minmay_pentomino_u4
D:2:      layout_loops_ring, dreamdust_ecumenical_altar_drowned_temple
D:3:      cheibrodos_thug_alley, layout_rooms, mainiacjoe_overflow_boulevard,
          lemuel_coloured_pillars_altar
D:4:      layout_rooms, nicolae_overflow_crystal_walls,
          minmay_temple_entry_mini_moons, kennysheep_generic_room_9,
          uniq_blork_the_orc
D:5:      layout_loops_corners, mainiacjoe_overflow_surrounded_room,
          gup_ossuary_entry_pyramid, serial_bayou_ford_a
D:6:      layout_cave_pods, uniq_pikel, uniq_sigmund, uniq_prince_ribbit1,
          uniq_edmund
D:7:      minmay_general_purpose_star, layout_loops_corners,
          dk_yredelemnul_ordeal, mainiacjoe_overflow_six_doors_small,
          nrook_mini_vaults, minmay_door_square, st_stairs_3, uniq_harold,
          uniq_joseph
D:8:      layout_loops_ring, nicolae_uskayaw_dance_hall,
          mainiacjoe_overflow_concentric_impassable, grunt_gozag_statues,
          uniq_erica
D:9:      layout_stronghold, xom_redecorated
D:10:     minmay_chambers_of_sevens, layout_layer_cave,
          overflow_temple_1_default, elyvilon_altar_5, serial_ice, serial_ice_b,
          serial_ice_a, serial_ice_l, serial_ice_c, serial_ice_d, serial_ice_o,
          serial_ice_h, serial_ice_n, enter_bailey_4, grunt_ministairs_7
D:11:     layout_loops_ring, lair_entry_dummy, uniq_urug
D:12:     layout_roguey, david_orc_2
Temple:   cyrus_temple_forest

Skill      XL: |  1  2  3  4  5  6  7  8  9 10 11 12 |
---------------+-------------------------------------+-----
Earth Magic    | 4 5 6 7 8 9 |  9.0
Dodging        | 3 |  3.0
Spellcasting   | 4 5 6 8 9 10 12 14 15 | 15.9
Stealth        | 3 |  3.0
Shields        | 1 2 3 4 5 |  5.0
Conjurations   | 1 3 4 5 6 |  6.9
Fighting       | 1 2 3 4 5 6 |  6.1
Translocations | 2 3 |  3.0
Poison Magic   | 1 3 5 6 |  6.0
Transmutations | 2 3 4 5 |  5.6
Air Magic      | 2 3 4 |  4.4
Invocations    | 2 4 5 |  5.7
Ice Magic      | 2 3 |  3.0

Action                   |  1- 3 |  4- 6 |  7- 9 | 10-12 || total
-------------------------+-------+-------+-------+-------++-------
Melee: Dagger            |   112 |   103 |    30 |       ||   245
       Unarmed           |     2 |       |       |       ||     2
       Punch             |     2 |       |       |       ||     2
       Hand axe          |       |       |    14 |       ||    14
       Staff             |       |       |     1 |       ||     1
       Whip              |       |       |     8 |       ||     8
 Cast: Sandblast         |    38 |    49 |    55 |    72 ||   214
       Stone Arrow       |       |     8 |   138 |   257 ||   403
       Passwall          |       |     1 |     1 |     1 ||     3
       Petrify           |       |       |     3 |     7 ||    10
       Olgreb's Toxic Ra |       |       |       |    42 ||    42
       Mephitic Cloud    |       |       |       |    11 ||    11
  Use: Potion            |       |       |     1 |     3 ||     4
       Scroll            |       |       |     7 |     6 ||    13
 Stab: Sleeping          |     4 |    10 |     2 |       ||    16
       Distracted        |     1 |       |       |       ||     1
Armor: Robe              |    19 |    26 |    20 |     9 ||    74
Dodge: Dodged            |    83 |    58 |    47 |    41 ||   229
Block: Buckler           |       |    16 |    25 |    20 ||    61
